 Dungeon Crawl Stone Soup version 0.18-a0-993-g4a3b7c7 (webtiles) character file.

25 M4edhros the Charlatan (level 3, -4/23 HPs)
             Began as an Octopode Artificer on Jan 4, 2016.
             Slain by a worm (8 damage)
             ... on level 2 of the Dungeon.
             The game lasted 00:03:19 (1019 turns).

M4edhros the Charlatan (Octopode Artificer)         Turns: 1019, Time: 00:03:19

Health: -4/23      AC:  1    Str: 10    XL:     3   Next: 6%
Magic:  5/5        EV: 12    Int: 15    God:
Gold:   14         SH:  0    Dex: 12    Spells: 0 memorised, 2 levels left

rFire  . . .     SeeInvis .     a - +0 short sword
rCold  . . .     Gourm    .     (no shield)
rNeg   . . .     Faith    .     (helmet restricted)
rPois  .         Spirit   .     (no amulet)
rElec  .         Dismiss  .     m - ring of protection from magic
rCorr  .         Reflect  .     (no ring)
SustAt .         Harm     .     (no ring)
MR     +....                    (no ring)
Stlth  +++.......               (no ring)
                                (no ring)
                                (no ring)
                                (no ring)

@: somewhat resistant to hostile enchantments, fairly stealthy
A: almost no armour, amphibious, 8 rings, constrict 8, camouflage 1, gelatinous
body 1
a: no special abilities


You were on level 2 of the Dungeon.
You were not hungry.

You visited 1 branch of the dungeon, and saw 2 of its levels.

You collected 14 gold pieces.

Inventory:

Hand Weapons
 a - a +0 short sword (weapon)
 e - a +0 hunting sling
Missiles
 j - 22 stones (quivered)
Jewellery
 m - a ring of protection from magic (left tentacle)
Wands
 b - a wand of flame (13/48)
 c - a wand of enslavement (15/24)
 d - a wand of random effects (15/48)
Scrolls
 g - a scroll of noise {unknown}
 k - a scroll of immolation {unknown}
Potions
 h - 2 potions of degeneration {unknown}
 n - a potion of curing {unknown}
Comestibles
 f - a bread ration
 i - a meat ration
 l - a slice of pizza
 o - a beef jerky


   Skills:
 - Level 1.0 Fighting
 - Level 1.0 Short Blades
 * Level 2.7 Dodging
 * Level 2.6 Stealth
 + Level 3.5 Evocations


You had 2 spell levels left.
You didn't know any spells.

Dungeon Overview and Level Annotations

Branches:
Dungeon (2/15)

Altars:


Innate Abilities, Weirdness & Mutations

You cannot wear most types of armour.
You are amphibious.
You can wear up to eight rings at the same time.
You can use your tentacles to constrict eight enemies at once.
Your skin changes colour to match your surroundings (Stealth).
Your rubbery body absorbs attacks (AC +1).


Message History

There is an open door here.
The helpless worm fails to defend itself.
You puncture the worm! You grab the worm.
The worm is moderately wounded.
You constrict the worm. The worm bites you!
You hit the worm but do no damage. You squeeze the worm!
The worm is severely wounded.
You constrict the worm. You completely miss the worm.
The worm is almost dead.
You constrict the worm. The giant cockroach barely misses you.
The worm bites you!
Ouch! That really hurt!
* * * LOW HITPOINT WARNING * * *
The giant cockroach bites you but does no damage.
You hit the giant cockroach but do no damage.
You grab the giant cockroach. You constrict the worm.
You constrict the giant cockroach, but do no damage.
The giant cockroach barely misses you. The worm bites you!
You die...

#.# #.# #.# ##.#
######.# #... ##+#
#......# #.## ##...#
#.###### #.## ##..$..##
#.### #.#. #.$.....##
#.#.## #.#.
......s..###....#####.#.
......w@.'.....>........
....<....####...#####...
#.......## ##.## ####
##.....## #.# ##...# #.#
##+# #.# #.# #.# #.#


You could see a worm and a giant cockroach.

Vanquished Creatures
  An adder (D:2)
  An ooze (D:1)
  A giant gecko (D:1)
  A giant cockroach (D:1)
  3 goblins
  2 hobgoblins
  A giant newt (D:1)
  A rat (D:1)
11 creatures vanquished.

Notes
Turn   | Place    | Note
--------------------------------------------------------------
     0 | D:1      | M4edhros the Octopode Artificer began the quest for the Orb.
     0 | D:1      | Reached XP level 1. HP: 13/13 MP: 3/3
   429 | D:1      | Reached XP level 2. HP: 18/18 MP: 4/4
   858 | D:2      | Reached XP level 3. HP: 23/23 MP: 5/5
  1019 | D:2      | Slain by a worm

Vault maps used:
D:1:      dpeg_arrival_renting
D:2:      nicolae_qazlal_eye_of_the_storm, grunt_ministairs_7,
          minmay_snake_closets, uniq_crazy_yiuf_cottage, uniq_robin

Action                   || total
-------------------------++-------
Melee: Short sword       ||    23
Evoke: Wand              ||     2
 Stab: Sleeping          ||     4
